 Dungeon Crawl Stone Soup version 0.22-a0-479-gc6e99f3 (webtiles) character file.

105 KristoblXynda the Ruffian (level 4, -13/39 HPs)
             Began as a Troll Wizard on June 14, 2018.
             Splashed by Ijyb's acid (17 damage)
             ... on level 3 of the Dungeon.
             The game lasted 00:03:09 (1260 turns).

KristoblXynda the Ruffian (Troll Wizard)            Turns: 1260, Time: 00:03:10

Health: -13/39     AC:  6    Str: 15    XL:     4   Next: 54%
Magic:  6/6        EV:  9    Int: 15    God:
Gold:   91         SH:  0    Dex:  8    Spells: 3/7 levels left

rFire    . . .     SeeInvis .     - Unarmed
rCold    . . .     Gourm    +   (no shield)
rNeg     . . .     Faith    .   a - +0 robe
rPois    .         Spirit   .   b - +1 hat
rElec    .         Reflect  .   (no cloak)
rCorr    .         Harm     .   (gloves unavailable)
MR       .....                  (boots unavailable)
Stlth    +.........             j - amulet of regeneration
HPRegen  0.93/turn              (no ring)
MPRegen  0.10/turn              (no ring)

@: no status effects
A: large, unfitting armour, claws 3, fast metabolism 3, gourmand, regeneration
1, shaggy fur 1, tough skin 2
a: no special abilities


You were on level 3 of the Dungeon.
You were completely stuffed.

You visited 1 branch of the dungeon, and saw 3 of its levels.

You collected 91 gold pieces.

Inventory:

Armour
 a - a +0 robe (worn)
 b - a +1 hat (worn)
Jewellery
 j - an amulet of regeneration (around neck)
 n - a cursed amulet of inaccuracy {unknown}
Scrolls
 g - a scroll of immolation {unknown}
 h - 2 scrolls of remove curse {unknown}
 i - a scroll of teleportation
 k - a scroll of enchant weapon
 l - 2 scrolls of enchant armour
 m - 2 scrolls of identify {unknown}
Potions
 c - 2 potions of haste {unknown}
 e - 2 potions of curing {unknown}
 o - a potion of mutation {unknown}
Comestibles
 d - 4 rations
 f - 2 chunks of flesh


   Skills:
 - Level 1.5 Dodging
 - Level 1.0 Stealth
 + Level 2.9 Unarmed Combat
 - Level 2.0 Spellcasting
 + Level 2.3 Conjurations
   Level 0.6 Summonings
   Level 0.6 Translocations


You had 3 spell levels left.
You knew the following spells:

 Your Spells              Type           Power        Failure   Level  Hunger
a - Magic Dart            Conj           #...         9%          1    #......
b - Mephitic Cloud        Conj/Pois/Air  #.......     43%         3    ###....

Your spell library contained the following spells:

 Spells                   Type           Power        Failure   Level  Hunger
 Conjure Flame            Conj/Fire      #.......     38%         3    ###....
 Slow                     Hex            #.......     32%         2    ###....
 Blink                    Tloc           N/A          26%         2    ###....
 Call Imp                 Summ           #.......     26%         2    ###....


Dungeon Overview and Level Annotations

Branches:
Dungeon (3/15)

Altars:

Annotations:
D:3 Ijyb


Innate Abilities, Weirdness & Mutations

You are too large for most types of armour.
You have claws for hands.
Your metabolism is lightning-fast.
You like to eat raw meat.
Your natural rate of healing is unusually fast.
You are covered in fur. (AC +1)
You have very tough skin. (AC +2)


Message History

The worm is almost dead.
You scratch the worm.
You kill the worm!
Ijyb barely misses you.
You scratch Ijyb but do no damage. The adder closely misses you.
You scratch Ijyb but do no damage. Ijyb screams, "I dance on your bones!"
Ijyb barely misses you. The adder barely misses you.
You barely miss Ijyb.
Ijyb zaps a wand.
The bolt of acid hits you!
You are splashed with acid!
The acid burns!
It is a wand of acid (6).
The adder misses you.
You scratch Ijyb.
Ijyb is moderately wounded.
Ijyb barely misses you. The adder barely misses you.
You barely miss Ijyb.
Ijyb is moderately wounded.
The adder barely misses you.
Ijyb zaps a wand.
The bolt of acid hits you!
* * * LOW HITPOINT WARNING * * *
You are splashed with acid!
The acid burns!
You die...

#####...... #.........
#......... #.......#
#.......# . #.......#
... #.......#
.....########.......####
......g@.....)..........
....>.S.......[.........
.....########...........
.... #.).....#... ...
#.......#..) ..
#####..##... . ##.##...
#.##... #...


You could see Ijyb and an adder.

Vanquished Creatures
  Jessica (D:2)
  2 adders
  An ooze (D:3)
  A worm (D:3)
  3 dart slugs (D:1)
  A leopard gecko (D:2)
  7 bats
  3 giant cockroaches
  7 goblins
  5 hobgoblins
  8 kobolds
  2 frilled lizards
  8 rats
49 creatures vanquished.

Notes
Turn   | Place    | Note
-------+----------+-------------------------------------------
     0 | D:1      | KristoblXynda the Troll Wizard began the quest for the Orb.
     0 | D:1      | Reached XP level 1. HP: 16/16 MP: 2/2
    64 | D:1      | Reached skill level 1 in Conjurations
    67 | D:1      | Reached skill level 1 in Unarmed Combat
   140 | D:1      | Reached XP level 2. HP: 23/24 MP: 4/4
   276 | D:1      | Reached XP level 3. HP: 10/31 MP: 5/5
   871 | D:2      | Noticed Jessica
   881 | D:2      | Killed Jessica
   881 | D:2      | Reached XP level 4. HP: 28/39 MP: 6/6
  1071 | D:2      | Learned a level 3 spell: Mephitic Cloud
  1248 | D:3      | Noticed Ijyb
  1260 | D:3      | Splashed by Ijyb's acid

Vault maps used:
D:1:      minmay_arrival_stone_box
D:2:      first_ration, uniq_jessica
D:3:      zin_statuary, uniq_ijyb

Skill      XL: |  1  2  3 |
---------------+----------+-----
Conjurations   | 1 2 |  2.3
Unarmed Combat | 1 2 |  2.9
Dodging        | |  1.5
Stealth        | |  1.0
Spellcasting   | |  2.0
Summonings     | |  0.6
Translocations | |  0.6

Action                   |  1- 3 |  4- 6 || total
-------------------------+-------+-------++-------
Melee: Unarmed           |   112 |    57 ||   169
       Punch             |       |     1 ||     1
  Use: Scroll            |       |     3 ||     3
  Eat: Chunk             |    14 |     3 ||    17
Armor: Robe              |    67 |    19 ||    86
Dodge: Dodged            |    72 |    23 ||    95

Table legend:
 A = Spawn XP
 B = Non-spawn XP
 C = Spawn XP percentage of total XP
 D = Spawn monster count
 E = Non-spawn monster count
 F = Spawn count percentage of total count
 G = Total turns spent on level
                    A         B        C        D         E        F      G
               +---------+---------+-------+---------+---------+-------+---------
         Total |       0 |     151 |   0.0 |       0 |      49 |   0.0 |  1260
               +---------+---------+-------+---------+---------+-------+---------
           D:1 |       0 |      47 |   0.0 |       0 |      26 |   0.0 |   499
           D:2 |       0 |      65 |   0.0 |       0 |      11 |   0.0 |   631
           D:3 |       0 |      39 |   0.0 |       0 |      12 |   0.0 |   130
               +---------+---------+-------+---------+---------+-------+---------
